 Dungeon Crawl Stone Soup version 0.27-a0-1196-g3e9cee4cb2 (webtiles) character file.

Game seed: 360915239949030871

60 Froggeryz the Ruffian (level 3, -2/29 HPs)
             Began as a Mummy Monk on May 28, 2021.
             Slain by an adder (3 damage)
             ... on level 2 of the Dungeon.
             The game lasted 00:03:01 (3375 turns).

Froggeryz the Ruffian (Mummy Monk)                  Turns: 3375, Time: 00:03:02

Health: -2/29      AC:  0    Str: 15    XL:     3   Next: 82%
Magic:  3/3        EV: 13    Int:  9    God:
Gold:   24         SH:  0    Dex: 14    Spells: 2/2 levels left

rFire    x . .     SeeInvis .     - Unarmed
rCold    + . .     Faith    .   (no shield)
rNeg     + + +     Spirit   .   (no armour)
rPois    ∞         Reflect  .   (no helmet)
rElec    .         Harm     .   (no cloak)
rCorr    .         Rampage  .   (no gloves)
Will     .....                  (no boots)
Stlth    ++........             (no amulet)
HPRegen  0.09/turn              (no ring)
MPRegen  0.08/turn              (no ring)

@: no status effects
A: cold resistance 1, negative energy resistance 3, torment resistance 2, heat
vulnerability 1, no potions
a: no special abilities


You were on level 2 of the Dungeon.
You visited 1 branch of the dungeon, and saw 2 of its levels.

You collected 24 gold pieces.

Inventory:

Jewellery
 e - a ring of protection from fire
Scrolls
 a - a scroll of vulnerability {unknown}
 b - 3 scrolls of identify {unknown}
 c - a scroll of torment {unknown}
 d - a scroll of enchant armour {unknown}


   Skills:
 - Level 3.0 Fighting
 + Level 2.9 Dodging
 - Level 1.5 Stealth
 * Level 3.6 Unarmed Combat


You had 2 spell levels left.
You didn't know any spells.
Your spell library was empty.

Dungeon Overview and Level Annotations

Branches:
Dungeon (2/15)

Altars:


Innate Abilities, Weirdness & Mutations

You are immune to poison.
Your flesh is cold resistant. (rC+)
You are immune to negative energy. (rN+++)
You are immune to unholy pain and torment.
You are vulnerable to heat. (rF-)
You do not drink.


Message History

You are too injured to fight recklessly!
You are too injured to fight recklessly!
You are too injured to fight recklessly!
The ball python's grasp on you weakens, but your attempt to escape fails.
The ball python closely misses you. The ball python constricts you.
The adder bites you.
A kobold comes into view. It is wielding a +0 whip.
A jackal comes into view.
The ball python bites you. The ball python constricts you.
You escape the ball python's grasp.
The adder completely misses you. The adder bites you.
* * * LOW HITPOINT WARNING * * *
You completely miss the adder. Your punch misses the adder.
The adder is heavily wounded.
The adder barely misses you.
You closely miss the adder.
The adder is heavily wounded.
The adder bites you.
* * * LOW HITPOINT WARNING * * *
You closely miss the adder.
The adder is heavily wounded.
The adder closely misses you. The adder bites you.
* * * LOW HITPOINT WARNING * * *
You miss the adder.
The adder is heavily wounded.
The adder completely misses you.
You closely miss the adder.
The adder is heavily wounded.
The adder closely misses you.
You hit the adder.
The adder is severely wounded.
The adder barely misses you.
You hit the adder.
The adder is severely wounded.
The adder bites you.
* * * LOW HITPOINT WARNING * * *
You closely miss the adder.
The adder is severely wounded.
The adder barely misses you. The adder bites you.
You die...

#.# #.# ###.#
#...# ##.###
########..########
.................#
#####.##########.#
#..# #@# ##.## #S#
###..# ###S#
....## ###.hh#
.#### #...### ##
##.### #..# #.##
.h#


You could see an adder, 2 jackals and a ball python.

Vanquished Creatures
  A worm (D:2)
  A dart slug (D:2)
  2 ball pythons (D:1)
  7 endoplasms
  4 giant cockroaches (D:1)
  8 goblins
  4 hobgoblins
  5 quokkas
  6 bats
  3 kobolds (D:1)
  6 rats
47 creatures vanquished.

Notes
Turn   | Place    | Note
-------+----------+-------------------------------------------
     0 | D:1      | Froggeryz the Mummy Monk began the quest for the Orb.
     0 | D:1      | Reached XP level 1. HP: 18/18 MP: 1/1
   315 | D:1      | Reached XP level 2. HP: 3/24 MP: 2/2
  1123 | D:1      | Reached XP level 3. HP: 24/29 MP: 3/3
  1321 | D:1      | Found a faded altar of an unknown god.
  3374 | D:2      | HP: 1/29 [adder (1)]
  3375 | D:2      | Slain by an adder

Illustrated notes

Levels and vault maps discovered:
D:1:      tarquinn_simple_flora_water_f, layout_basic,
          ebering_ecumenical_altar_webs, minmay_misc_feat_five
D:2:      layout_rooms

Skill      XL: |  1  2 |
---------------+-------+-----
Unarmed Combat | 3 |  3.6
Fighting       | |  3.0
Dodging        | |  2.9
Stealth        | |  1.5

Action                   || total
-------------------------++-------
Melee: Unarmed           ||   212
       Punch             ||     1
 Stab: Sleeping          ||     4
       Distracted        ||     1
Dodge: Dodged            ||   138

Table legend: (Time is in decaauts)
 A = Elapsed time spent in this place.
 B = Non-inter-level travel time spent in this place.
 C = Inter-level travel time spent in this place.
 D = Time resting spent in this place.
 E = Time spent auto-exploring this place.
 F = Levels seen in this place.
 G = Mean time per level.
                   A        B        C        D        E       F      G
               +--------+--------+--------+--------+--------+-----+--------+
         Total |   3365 |   3327 |     38 |   1257 |   1628 |   2 | 1682.5 |
       Dungeon |   3365 |   3327 |     38 |   1257 |   1628 |   2 | 1682.5 |
               +--------+--------+--------+--------+--------+-----+--------+

Top non-repeatable levels by time:
     D:1: 2219 daAuts
     D:2: 1146 daAuts
